 Dungeon Crawl Stone Soup version 0.20-a0-1114-g33edf32 (webtiles) character file.

223670 salapander the Executioner (level 19, -28/205 HPs)
             Began as a Hill Orc Berserker on May 6, 2017.
             Was the Champion of Trog.
             Annihilated by an Ice Fiend (51 damage)
             ... summoned by a deep elf demonologist
             ... led by an ironheart preserver
             ... on level 1 of the Vaults.
             The game lasted 00:59:13 (42692 turns).

salapander the Executioner (Hill Orc Berserker)    Turns: 42692, Time: 00:59:14

Health: -28/205    AC: 28    Str: 22    XL:     19   Next: 27%
Magic:  19/19      EV: 13    Int:  7    God:    Trog [******]
Gold:   1158       SH:  8    Dex: 16    Spells: 18/18 levels left

rFire    . . .     SeeInvis .   a - +9 executioner's axe (venom)
rCold    . . .     Gourm    .   (shield currently unavailable)
rNeg     . . .     Faith    .   E - +0 plate armour
rPois    +         Spirit   .   O - +0 helmet
rElec    +         Reflect  +   I - +1 cloak {+Inv}
rCorr    +         Harm     .   V - +2 pair of gloves
MR       +++..     Clarity  +   K - +2 pair of boots
Stlth    ..........             F - brooch of Shielding {Reflect SH+8}
Regen    1.5/turn               x - ring of Leaves {rCorr rElec}
MPRegen  0.2/turn               S - ring of poison resistance

@: corroded, starving, regenerating, slowed, very slow
A: icy blue scales 1, clarity, robust 1
}: 1/15 runes: gossamer
a: Berserk, Trog's Hand, Brothers in Arms, Burn Spellbooks, Renounce Religion,
Evoke Invisibility


You were on level 1 of the Vaults.
You worshipped Trog.
Trog was exalted by your worship.
You were starving.

You visited 4 branches of the dungeon, and saw 26 of its levels.
You also visited: Labyrinth and Ice Cave.

You collected 2433 gold pieces.
You spent 1275 gold pieces at shops.

Inventory:

Hand Weapons
 a - a +9 executioner's axe of venom (weapon)
 b - a +3 broad axe of flaming
Armour
 E - a +0 plate armour (worn)
 I - a +1 cloak of invisibility (worn)
 K - a +2 pair of boots (worn)
 O - a +0 helmet (worn)
 Q - +0 fire dragon scales
 V - a +2 pair of gloves (worn)
Jewellery
 f - an uncursed ring of protection from fire
 t - an uncursed ring of protection from fire
 x - the ring of Leaves (left hand) {rCorr rElec}
   (You found it on level 5 of the Dungeon)

   [ring of resist corrosion]

   It insulates you from electricity.
 F - the brooch of Shielding (around neck) {Reflect SH+8}
   (You bought it in a shop on level 13 of the Dungeon)

   [amulet of reflection]

   It shields you and reflects attacks.
   It affects your SH (+8).
 S - a ring of poison resistance (right hand)
Wands
 u - a wand of acid (6/15)
 J - a wand of disintegration (13/24)
 P - a wand of scattershot (5/9)
Scrolls
 e - 7 scrolls of magic mapping
 g - 2 scrolls of holy word
 k - 3 scrolls of enchant weapon
 n - 4 scrolls of fog
 o - 5 scrolls of recharging
 p - 5 scrolls of enchant armour
 r - 8 scrolls of teleportation
 v - 10 scrolls of remove curse
 y - a scroll of vulnerability {unknown}
 B - 5 scrolls of fear
 D - a scroll of acquirement {unknown}
 L - a scroll of noise {unknown}
 M - 2 scrolls of identify
 T - a scroll of silence {unknown}
Potions
 d - a potion of lignification {unknown}
 i - 14 potions of curing
 j - 6 potions of mutation
 l - a potion of heal wounds
 q - 7 potions of flight
 s - 2 potions of resistance
 w - a potion of agility {unknown}
 z - a potion of cancellation {unknown}
 A - 5 potions of might
 C - 6 potions of brilliance
 H - 5 potions of ambrosia
 U - 3 potions of invisibility
Books
 N - a book of Alchemy

   Spells                             Type                      Level
   a - Sublimation of Blood           Necromancy                   2
   b - Ignite Poison                  Fire/Transmutation/Poison    3
   c - Petrify                        Transmutation/Earth          4
   d - Alistair's Intoxication        Transmutation/Poison         5
   e - Irradiate                      Conjuration/Transmutation    5
   Trog disapproves of the use of such an item.
 W - a book of Death

   Spells                             Type                      Level
   a - Corpse Rot                     Necromancy                   2
   b - Sublimation of Blood           Necromancy                   2
   c - Agony                          Necromancy                   5
   d - Dispel Undead                  Necromancy                   5
   e - Excruciating Wounds            Charms/Necromancy            5
   f - Bolt of Draining               Conjuration/Necromancy       5
   Trog disapproves of the use of such an item.
 X - a book of Enchantments

   Spells                             Type                      Level
   a - Cause Fear                     Hexes                        4
   b - Yara's Violent Unravelling     Hexes/Transmutation          5
   c - Silence                        Hexes/Air                    5
   d - Deflect Missiles               Charms/Air                   6
   e - Discord                        Hexes                        8
   Trog disapproves of the use of such an item.
Comestibles
 c - 14 bread rations
 h - 31 royal jellies
 m - 9 meat rations
 G - 21 fruits


   Skills:
 + Level 20.5 Fighting
 + Level 24.3 Axes
 + Level 17.8 Armour
 - Level 10.0 Dodging


You had 18 spell levels left.
You didn't know any spells.

Dungeon Overview and Level Annotations

Branches:
Dungeon (15/15)            Temple (0/1) D:4            Lair (6/6) D:10
  Swamp (0/4) Lair:4       Spider (4/4) Lair:4        Slime (0/5) Lair:6
    Orc (0/2) D:11         Vaults (1/5) D:14         Depths (0/5) D:15

Altars:
Dithmenos
Elyvilon
Gozag
Kikubaaqudgha
Makhleb
Nemelex Xobeh
Okawaru
Ru
Trog
Yredelemnul
Zin

Shops:
D:4 !   D:13 %:[=[   Vaults:1 %*}*

Portals:
Hell: Lair:6
Trove: D:10 (give +4 fire dragon scales)


Innate Abilities, Weirdness & Mutations

You are partially covered in icy blue scales. (AC +2)
You possess an exceptional clarity of mind.
You are robust. (+10% HP)


Message History

The deep elf mage convulses!
The deep elf demonologist convulses!
The deep elf archer convulses! x2
The hellwing hits you but does no damage.
The hellwing hits you.
* * * LOW HITPOINT WARNING * * *
The deep elf archer blinks!
The rust devil closely misses you.
You see here an arrow.
You feel much better.
The Ice Fiend claws you but does no damage.
The Ice Fiend misses you.
You block the deep elf demonologist's attack.
The hellwing hits you.
* * * LOW HITPOINT WARNING * * *
The hellwing hits you but does no damage.
The deep elf mage mumbles some strange words.
The deep elf mage blinks!
The rust devil closely misses you. The Ice Fiend claws you!
* * * LOW HITPOINT WARNING * * *
The Ice Fiend freezes you!!!
You die...

# ##...##..#.# #..
##.##...#.#
#....#.#....#.#
#......(....#.#
###+####'####.#####
#.e)()......# .
#....)....(.# ...
#...)§††(((.#....
#...11@4))..'....
#.e..4ee...(#....
+...§.)...).# ...
#.)(........# #
#).............
................
......8(............
......................
......8.∩=8...........


You could see a Brimstone Fiend, an Ice Fiend, a deep elf demonologist, 2 deep
elf archers, a hellwing, a rust devil and a deep elf mage.

Vanquished Creatures
  A sphinx (Vaults:1)
  A tengu reaver (D:11)
  4 ghost moths
  2 vault wardens (Vaults:1)
  A frost giant (IceCv)
  8 emperor scorpions
  2 ironheart preservers (Vaults:1)
  A stone giant (Vaults:1)
  A war gargoyle (D:11)
  3 entropy weavers
  2 dire elephants
  A spark wasp (Spider:4)
  An ettin (D:11)
  3 minotaurs
  Snorg (D:13)
  2 fire dragons
  2 yaktaur captains (Vaults:1)
  3 ice dragons
  Fannar (Lair:1)
  14 hydras
  5 vault guards (Vaults:1)
  Erica (Lair:1)
  3 centaur warriors
  10 two-headed ogres
  2 death knights
  3 ogre magi
  A deep troll shaman (Vaults:1)
  A tengu warrior (D:15)
  7 death yaks
  A deep troll earth mage (Vaults:1)
  Sonja (D:14)
  A skeletal warrior (D:14)
  Nergalle (Lair:1)
  A sixfirhy (Lair:6)
  7 unseen horrors
  A shadow wraith (Vaults:1)
  2 deep trolls (Vaults:1)
  A deep elf archer (Vaults:1)
  4 ironbrand convokers (Vaults:1)
  3 orc knights
  A wizard (Lair:6)
  A lindwurm (shapeshifter) (Vaults:1)
  2 phantasmal warriors
  27 wolf spiders
  An oklob plant (Lair:6)
  2 wolf spider zombies
  28 ugly things
  4 deep elf magi
  5 cyclopes
  18 orb spiders
  2 moths of wrath
  20 elephants
  A torpor snail (Spider:1)
  3 ice statues (IceCv)
  Joseph (Lair:1)
  3 vault sentinels (Vaults:1)
  2 black mambas (Lair:6)
  A smoke demon (Lair:6)
  2 gargoyles
  16 spiny frogs
  4 orange demons (Lair:6)
  5 rime drakes
  5 komodo dragons
  An efreet (D:14)
  17 yaktaurs
  22 demonic crawlers
  A kobold demonologist (D:14)
  An ice devil (Lair:6)
  34 jumping spiders
  9 meliai
  3 minotaur zombies (Lab)
  16 polar bears
  2 trolls
  A queen bee (D:9)
  11 hornets
  24 blink frogs
  5 dream sheep (Lair:4)
  14 hippogriffs
  13 slime creatures (Vaults:1)
  65 redbacks
  2 shadows
  12 spriggans (Lair:3)
  28 tarantellas
  3 wraiths
  A vampire (D:14)
  63 yaks
  A wyvern (Lair:5)
  A human (D:7)
  4 basilisks
  4 hogs (D:7)
  12 vampire mosquitoes
  6 hungry ghosts
  A warg (Vaults:1)
  A steam dragon (D:15)
  An acid dragon (D:13)
  A soldier ant (D:11)
  20 water moccasins
  5 hell hounds (Lair:6)
  9 porcupines
  5 ice beasts
  15 orc warriors
  2 phantoms
  4 sky beasts
  A hornet zombie (D:10)
  4 black bears
  4 necrophages
  An ice beast (shapeshifter) (Vaults:1)
  4 boggarts
  18 ogres
  2 eyes of draining
  An eye of draining (shapeshifter) (Vaults:1)
  21 wolves
  14 centaurs
  13 crocodiles
  5 big kobolds
  25 bullfrogs
  A wyvern zombie (D:14)
  9 scorpions
  14 wights
  30 killer bees
  4 howler monkeys
  6 electric eels
  8 crimson imps
  4 bullfrog zombies
  4 centaur zombies
  6 jellies
  A bullfrog skeleton (D:11)
  9 hounds
  16 orc priests
  22 orc wizards
  11 centaur skeletons
  An iguana (D:11)
  12 worker ants
  A hound zombie (D:11)
  2 hound skeletons (D:7)
  2 worker ant zombies
  14 gnolls
  11 adders
  2 shadow imps
  An ufetubus (Vaults:1)
  4 oozes
  5 adder skeletons
  3 worms (D:2)
  2 dart slugs
  6 leopard geckos
  79 orcs
  A ball python (D:3)
  10 bats
  9 giant cockroaches
  6 goblins
  12 hobgoblins
  11 jackals
  22 kobolds
  5 quokkas
  6 frilled lizards
  A jackal skeleton (D:8)
  A leopard gecko skeleton (D:4)
  A quokka zombie (D:6)
  8 rats
  5 fungi
  7 plants
1212 creatures vanquished.

Vanquished Creatures (collateral kills)
  A sphinx (Vaults:1)
  A vault warden (Vaults:1)
  2 ironheart preservers (Vaults:1)
  An entropy weaver (Spider:1)
  A hydra (Lair:4)
  A wizard (Vaults:1)
  An ironbrand convoker (Vaults:1)
  A deep elf archer (Vaults:1)
  An orb spider (Spider:1)
  2 cyclopes (Vaults:1)
  A spiny frog (Lair:4)
  2 jumping spiders (Spider:1)
  A basilisk (Lair:4)
  A crocodile (Lair:4)
  A crimson imp (Vaults:1)
18 creatures vanquished.

Vanquished Creatures (others)
  A ghost moth (Spider:4)
  Nessos (D:15)
  A two-headed ogre (D:11)
  A wolf spider (Spider:4)
  An elephant (Lair:6)
  2 polar bears
  A sky beast (D:8)
  A quokka (D:7)
  4 fungi
  A plant (Lair:6)
14 creatures vanquished.

Grand Total: 1244 creatures vanquished

Notes
Turn   | Place    | Note
-------+----------+-------------------------------------------
     0 | D:1      | salapander the Hill Orc Berserker began the quest for the Orb.
     0 | D:1      | Reached XP level 1. HP: 19/19 MP: 1/1
   154 | D:1      | Reached XP level 2. HP: 27/27 MP: 2/2
   550 | D:1      | Reached XP level 3. HP: 28/34 MP: 3/3
  1417 | D:2      | Reached ** piety under Trog
  1417 | D:2      | Reached skill level 5 in Axes
  1730 | D:2      | Reached XP level 4. HP: 36/41 MP: 4/4
  1741 | D:2      | Found a burning altar of Makhleb.
  1830 | D:2      | Reached skill level 5 in Fighting
  2273 | D:2      | Reached XP level 5. HP: 48/48 MP: 5/5
  2326 | D:2      | Reached skill level 6 in Axes
  3271 | D:3      | Found an ancient bone altar of Kikubaaqudgha.
  3291 | D:3      | Reached *** piety under Trog
  3492 | D:3      | Reached XP level 6. HP: 57/57 MP: 6/6
  3588 | D:3      | Found a glowing silver altar of Zin.
  3589 | D:3      | Noticed an angel
  3959 | D:3      | Reached skill level 7 in Axes
  4101 | D:4      | Found Tewacar's Distillery.
  4182 | D:4      | Found a sacrificial altar of Ru.
  4302 | D:4      | Found an opulent altar of Gozag.
  4731 | D:4      | Found a staircase to the Ecumenical Temple.
  4902 | D:5      | Entered Level 5 of the Dungeon
  4906 | D:5      | Reached XP level 7. HP: 64/64 MP: 7/7
  5018 | D:5      | Got a smoking bronze ring
  5265 | D:5      | Reached skill level 8 in Axes
  5317 | D:5      | Found a shadowy altar of Dithmenos.
  5451 | D:5      | Identified the ring of Leaves {rCorr rElec} (You found it on level 5 of the Dungeon)
  6246 | D:6      | Reached skill level 9 in Axes
  6246 | D:6      | Reached XP level 8. HP: 63/74 MP: 5/8
  6791 | D:7      | Noticed a two-headed ogre
  6799 | D:7      | Killed a two-headed ogre
  6799 | D:7      | Reached skill level 10 in Axes
  6800 | D:7      | Reached skill level 10 in Fighting
  6800 | D:7      | Reached XP level 9. HP: 69/85 MP: 3/9
  7011 | D:7      | Reached skill level 11 in Axes
  7137 | D:7      | Reached skill level 12 in Axes
  7137 | D:7      | Reached skill level 5 in Armour
  7196 | D:7      | Found an iron altar of Okawaru.
  7259 | D:7      | Reached **** piety under Trog
  7422 | D:7      | Found a white marble altar of Elyvilon.
  8537 | D:8      | Found a bloodstained altar of Trog.
  8549 | D:8      | Reached XP level 10. HP: 69/91 MP: 10/10
  8559 | D:8      | Reached skill level 13 in Axes
  9781 | D:8      | Reached ***** piety under Trog
 10284 | D:9      | Noticed a two-headed ogre
 10291 | D:9      | Killed a two-headed ogre
 10291 | D:9      | Reached skill level 14 in Axes
 10460 | D:9      | Gained mutation: You possess an exceptional clarity of mind. [mutagenic meat]
 10461 | D:9      | Gained mutation: You are robust. (+10% HP) [mutagenic meat]
 10462 | D:9      | Gained mutation: You are partially covered in icy blue scales. (AC +2) [mutagenic meat]
 10731 | D:9      | Received a gift from Trog
 11298 | D:9      | Reached XP level 11. HP: 107/108 MP: 11/11
 11966 | D:9      | Noticed a two-headed ogre
 11972 | D:9      | Killed a two-headed ogre
 11972 | D:9      | Reached skill level 15 in Axes
 12315 | D:10     | Entered Level 10 of the Dungeon
 12318 | D:10     | Reached skill level 10 in Armour
 12516 | D:10     | Found a portal to a secret trove of treasure.
 12619 | D:10     | Noticed a two-headed ogre
 12629 | D:10     | Killed a two-headed ogre
 12829 | D:10     | Received a gift from Trog
 12982 | D:10     | Reached skill level 5 in Dodging
 12988 | D:10     | Found a staircase to the Lair.
 13659 | D:10     | Reached skill level 16 in Axes
 14021 | Lair:1   | Entered Level 1 of the Lair of Beasts
 14021 | Lair:1   | Noticed Erica
 14033 | Lair:1   | Killed Erica
 14033 | Lair:1   | Reached XP level 12. HP: 116/116 MP: 12/12
 14066 | Lair:1   | Noticed Nergalle
 14171 | Lair:1   | Killed Nergalle
 14434 | Lair:1   | Noticed Fannar
 14457 | Lair:1   | Killed Fannar
 14457 | Lair:1   | Reached skill level 17 in Axes
 14853 | Lair:1   | Noticed Joseph
 14860 | Lair:1   | Killed Joseph
 15039 | Lair:1   | Noticed a five-headed hydra
 15047 | Lair:1   | Killed a one-headed hydra
 15869 | Lair:2   | Noticed an eight-headed hydra
 15878 | Lair:2   | Killed a three-headed hydra
 16700 | Lair:3   | Noticed an eight-headed hydra
 16712 | Lair:3   | Killed a one-headed hydra
 17020 | Lair:3   | Reached skill level 18 in Axes
 17037 | Lair:3   | Reached XP level 13. HP: 125/125 MP: 13/13
 17395 | Lair:3   | Received a gift from Trog
 17941 | Lair:3   | Received a gift from Trog
 19011 | Lair:4   | Reached skill level 10 in Dodging
 19013 | Lair:4   | Found a labyrinth entrance.
 19032 | Lab      | Entered a labyrinth
 19090 | Lab      | Reached ****** piety under Trog
 19266 | Lab      | Noticed a minotaur
 19272 | Lab      | Killed a minotaur
 19274 | Lab      | Identified the Compendium of Lucky Orientation
 19896 | Lair:4   | Reached XP level 14. HP: 139/141 MP: 14/14
 19955 | Lair:4   | Found a hole to the Spider Nest.
 20006 | Lair:4   | Found a staircase to the Swamp.
 20763 | Lair:5   | Reached skill level 19 in Axes
 20953 | Lair:5   | Received a gift from Trog
 20959 | Lair:5   | Noticed a dire elephant
 20969 | Lair:5   | Killed a dire elephant
 21775 | Lair:6   | Entered Level 6 of the Lair of Beasts
 22348 | Lair:6   | Found a staircase to the Slime Pits.
 22734 | Lair:6   | Noticed a dire elephant
 22742 | Lair:6   | Killed a dire elephant
 22810 | Lair:6   | Received a gift from Trog
 23081 | Lair:6   | Found a burning altar of Makhleb.
 23087 | Lair:6   | Reached skill level 15 in Fighting
 23109 | Lair:6   | Reached XP level 15. HP: 155/155 MP: 15/15
 23291 | Lair:6   | Found a gateway to Hell.
 23506 | Lair:6   | Reached skill level 20 in Axes
 23981 | D:11     | Found a frozen archway.
 24304 | IceCv    | Entered an ice cave
 25058 | IceCv    | Noticed a frost giant
 25071 | IceCv    | Killed a frost giant
 25819 | D:11     | Found a staircase to the Orcish Mines.
 26126 | D:11     | Received a gift from Trog
 26550 | D:11     | Noticed a tengu reaver
 26556 | D:11     | Killed a tengu reaver
 27510 | D:12     | Found a sparkling altar of Nemelex Xobeh.
 27996 | D:13     | Found Miuxar's Jewellery Shoppe.
 28027 | D:13     | Found Tootasis's Antique Armour Boutique.
 28050 | D:13     | Received a gift from Trog
 28363 | D:13     | Reached XP level 16. HP: 133/166 MP: 16/16
 28516 | D:13     | Bought the brooch of Shielding {Reflect SH+8} for 1275 gold pieces
 28525 | D:13     | Found Yjiastre's Antique Armour Emporium.
 28536 | D:13     | Reached skill level 21 in Axes
 28575 | D:13     | Found Vienenul's Food Shoppe.
 28649 | D:13     | Found Eduusule's Book Boutique.
 28872 | D:13     | Noticed Snorg
 28876 | D:13     | Killed Snorg
 30080 | D:14     | Received a gift from Trog
 30413 | D:14     | Noticed Sonja
 30420 | D:14     | Killed Sonja
 31166 | D:14     | Found a gate to the Vaults.
 31278 | D:14     | Found a basalt altar of Yredelemnul.
 31684 | D:14     | Received a gift from Trog
 31805 | D:14     | Got an iridescent executioner's axe {god gift}
 31806 | D:14     | Identified the +10 executioner's axe of Wole {chop, +Inv rC+ rN+ Dex-5} (Trog gifted it to you on level 14 of the Dungeon)
 31913 | D:15     | Entered Level 15 of the Dungeon
 32337 | D:15     | Noticed Nessos
 32352 | D:15     | Killed Nessos
 33019 | D:15     | Reached skill level 22 in Axes
 33405 | D:15     | Reached skill level 15 in Armour
 33529 | D:15     | Found a staircase to the Depths.
 33647 | D:14     | Reached XP level 17. HP: 169/178 MP: 17/17
 33922 | Spider:1 | Entered Level 1 of the Spider Nest
 34382 | Spider:1 | Received a gift from Trog
 37134 | Spider:3 | Received a gift from Trog
 37724 | Spider:3 | Reached skill level 23 in Axes
 37819 | Spider:4 | Entered Level 4 of the Spider Nest
 37891 | Spider:4 | Reached XP level 18. HP: 134/193 MP: 18/18
 39545 | Spider:4 | Got a gossamer rune of Zot
 40593 | Vaults:1 | Entered Level 1 of the Vaults
 40621 | Vaults:1 | Found Goudaq's General Store.
 40737 | Vaults:1 | Found Nocwitoy's Food Shoppe.
 41109 | Vaults:1 | Found Bulat's Gadget Shop.
 41133 | Vaults:1 | Received a gift from Trog
 41941 | Vaults:1 | Reached skill level 24 in Axes
 42574 | Vaults:1 | Received a gift from Trog
 42590 | Vaults:1 | Reached XP level 19. HP: 203/203 MP: 19/19
 42611 | Vaults:1 | Found Qitt's General Store.
 42683 | Vaults:1 | Noticed a Brimstone Fiend
 42685 | Vaults:1 | Noticed an Ice Fiend
 42690 | Vaults:1 | HP: 6/205 [hellwing[an ironheart preserver] (5)]
 42692 | Vaults:1 | Annihilated by an Ice Fiend

Vault maps used:
D:1:      dpeg_arrival_rooms_c
D:2:      makhleb_heckhound_becter, serial_aquarium,
          aquarium_bridge_long_joined, aquarium_bridge_square,
          aquarium_window_corridor_2, aquarium_window_1, aquarium_window_fake,
          aquarium_view_2a, aquarium_balcony_5a, aquarium_pool_corner
D:3:      zin_angel, lemuel_crystal_altar, minmay_misc_feat_ornament,
          st_stairs_10
D:4:      kennysheep_mini_moat, nicolae_gozag_seed_capital,
          minmay_temple_entry_enclosed_plants, serial_shops, shop
D:5:      kennysheep_little_box, first_bread
D:7:      lemuel_crystal_altar, elyvilon_altar_4, dk_noncrumbling_4,
          grunt_livestock
D:8:      lemuel_doored_altar
D:9:      special_room
D:10:     minmay_lair_entry_grove, nicolae_trove_entry_crossroad
D:11:     minmay_chopped_fan, orc_0_dummy,
          portal_ice_cave_entry_animals_and_master, minmay_checkerbox
D:12:     fungi_pond_lemuel, nemelex_altar_shiori
D:13:     fort_yaktaur, serial_shops, nicolae_shop_stone,
          nicolae_shop_competitors_out_of_business, nicolae_shop_crystal,
          nicolae_shop_crystal, nicolae_shop_overgrown_old_shop, uniq_snorg
D:14:     hangedman_vaults_entry_quadrant_bands, yredelemnul_altar_generic,
          st_stairs_9, uniq_sonja
D:15:     grunt_enter_depths_hoard, serial_park_square1, uniq_nessos
Lair:1:   minivault_24, guppyfry_lair_drakes, grunt_megastairs_2,
          infiniplex_staircase_pool, uniq_nergalle, uniq_fannar, uniq_joseph,
          uniq_erica
Lair:2:   lemuel_fruit_tree
Lair:3:   kb_forest_paths, nicolae_quartered_pool_little, serial_bayou_shore_b
Lair:4:   minmay_swamp_entry_swarm, spider_nest_entry_rubble, lab_entry_generic,
          beast_lair_carwin_4
Lair:5:   beast_lair_carwin_large_4, st_stairs_5
Lair:6:   evil_forest, nicolae_slime_entry_slimehenge, serial_bayou_shore_a
Spider:2: lemuel_hornet_nest, hangedman_spider_tarantella_strand
Spider:3: spider_trap
Spider:4: grunt_spider_rune_island
Vaults:1: v_misc_27, v_alt_pattern_3, vaults_standard_mumra_enter_the_diamond,
          nicolae_vaults_big_ls, hangedman_vaults_capsules, v_pattern_5,
          serial_ice_h, nicolae_vaults_murderbox, nicolae_vaults_theta,
          serial_shops, nicolae_shop_statue_plus, shop_statue, shop_fountains,
          nicolae_shop_statue_plus, nicolae_shop_temple_entry_statues_fountains,
          uniq_asterion
Lab:      labyrinth_hidden_loot, lab_hedge, nicolae_lab_flowing_pool,
          labyrinth_fake_exit, nicolae_lab_dead_end, lab_fountain, lab_block,
          labyrinth_skeletal_remains, nicolae_lab_stuck, labyrinth_glass_1,
          nicolae_lab_starburst, nicolae_lab_blocks
IceCv:    ice_cave_small_giant

Skill      XL: |  1  2  3  4  5  6  7  8  9 10 11 12 13 14 15 16 17 18 |
---------------+-------------------------------------------------------+-----
Fighting       | 4 5 6 8 10 13 15 16 17 19 20 | 20.5
Axes           | 5 6 7 9 10 12 14 16 18 19 20 22 23 24 | 24.3
Armour         | 6 9 10 11 13 15 16 17 | 17.8
Dodging        | 3 6 8 10 | 10.0

Action                   |  1- 3 |  4- 6 |  7- 9 | 10-12 | 13-15 | 16-18 | 19-21 || total
-------------------------+-------+-------+-------+-------+-------+-------+-------++-------
Melee: Hand axe          |   118 |   214 |   322 |   162 |       |       |       ||   816
       War axe           |       |       |       |    64 |       |       |       ||    64
       Broad axe         |       |       |       |   434 |   751 |    18 |       ||  1203
       Unarmed           |       |       |       |     6 |       |       |       ||     6
       Executioner's axe |       |       |       |       |   284 |  1162 |    48 ||  1494
Invok: Berserk           |     2 |     8 |     9 |    16 |    18 |    11 |     1 ||    65
       Trog's Hand       |       |       |       |     1 |     1 |       |     1 ||     3
       Brothers in Arms  |       |       |       |       |     1 |     1 |     1 ||     3
  Use: Scroll            |       |       |       |     8 |    13 |     8 |     1 ||    30
       Potion            |       |       |       |     1 |     2 |     2 |     2 ||     7
 Stab: Sleeping          |       |     1 |       |       |       |       |       ||     1
  Eat: Chunk             |     4 |    17 |    12 |    59 |    60 |    44 |     1 ||   197
       Meat ration       |       |       |     2 |     1 |     1 |     1 |       ||     5
       Bread ration      |       |       |       |     1 |       |       |       ||     1
Armor: Animal skin       |    32 |    33 |       |       |       |       |       ||    65
       Chain mail        |       |    30 |   119 |    60 |       |       |       ||   209
       Plate armour      |       |       |       |   268 |   520 |   834 |    46 ||  1668
       Skin              |       |       |       |     2 |       |       |       ||     2
Dodge: Dodged            |   101 |   115 |    99 |   251 |   634 |   625 |    43 ||  1868
Block: Other             |       |       |       |       |       |   465 |    28 ||   493
       Reflection        |       |       |       |       |       |    26 |     4 ||    30
